 Dungeon Crawl Stone Soup version 0.23.0-3-gf3c87f2 (webtiles) character file.

Game seed: 8382360344374318304

14760 Kairos the Basher (level 12, 0/63 HPs)
             Began as a Vine Stalker Warper on Feb 22, 2019.
             Was the Champion of Cheibriados.
             Slain by an eight-headed hydra (10 damage)
             ... on level 1 of the Lair of Beasts.
             The game lasted 00:20:06 (9773 turns).

Kairos the Basher (Vine Stalker Warper)             Turns: 9773, Time: 00:20:08

Health: 0/63       AC: 21    Str: 32    XL:     12   Next: 19%
Magic:  0/17       EV: 16    Int: 28    God:    Cheibriados [******]
Gold:   634        SH:  7    Dex: 36    Spells: 14/16 levels left

rFire    + + .     SeeInvis .   s - +5 morningstar (flame)
rCold    . . .     Gourm    .   H - +0 buckler
rNeg     . . .     Faith    .   L - +4 chain mail of Tempters {rF++}
rPois    .         Spirit   +   B - +0 helmet
rElec    .         Reflect  .   P - +0 cloak
rCorr    .         Harm     .   G - +1 pair of gloves
MR       +....                  l - +0 pair of boots (curse)
Stlth    ..........             (no amulet)
HPRegen  1.00/turn              C - +3 ring of evasion
MPRegen  0.15/turn              W - +5 ring of dexterity

@: very slow
A: fangs 3, regeneration 2, magic shield, antimagic bite, no potion heal 3, rot
immunity
a: Bend Time, Temporal Distortion, Slouch, Step From Time, Renounce Religion


You were on level 1 of the Lair of Beasts.
You worshipped Cheibriados.
Cheibriados was exalted by your worship.
You were hungry.

You visited 2 branches of the dungeon, and saw 12 of its levels.
You also visited: Ossuary.

You collected 634 gold pieces.

Inventory:

Hand Weapons
 a - a +1 vampiric whip
 s - a +5 morningstar of flaming (weapon)
 O - the +3 trident of Raklyeth {distort, rC+ Str+3 Dex+2}
   (You found it on level 8 of the Dungeon)

   It warps and distorts space around it.
   Unwielding it can cause banishment or high damage.
   It affects your strength (+3).
   It affects your dexterity (+2).
   It protects you from cold.
 Y - a +4 flail of draining
Missiles
 e - 5 tomahawks of dispersal (quivered)
 X - 6 tomahawks
Armour
 l - a cursed +0 pair of boots (worn)
 B - a +0 helmet (worn)
 G - a +1 pair of gloves (worn)
 H - a +0 buckler (worn)
 L - the +4 chain mail of Tempters (worn) {rF++}
   (You found it on level 8 of the Dungeon)

   It greatly protects you from fire.
 P - a +0 cloak (worn)
Jewellery
 C - a +3 ring of evasion (left hand)
 D - a +2 ring of protection
 F - an uncursed amulet of harm
 I - the ring of Dim Light {Ice rPois Str-4 Dex+2}
   (You found it on level 7 of the Dungeon)

   [ring of ice]

   It enhances your ice magic.
   It affects your strength (-4).
   It affects your dexterity (+2).
   It makes you vulnerable to fire.
   It protects you from cold.
   It protects you from poison.
 V - an uncursed ring of poison resistance
 W - a +5 ring of dexterity (right hand)
Wands
 m - a wand of enslavement (7)
 n - a wand of iceblast (6)
 p - a wand of paralysis (7)
 w - a wand of digging (5)
 x - a wand of polymorph (7)
 K - a wand of disintegration (17)
 M - a wand of flame (14)
Scrolls
 b - a scroll of torment
 d - 4 scrolls of blinking
 o - 9 scrolls of identify
 q - 6 scrolls of remove curse
 r - 13 scrolls of teleportation
 y - 2 scrolls of immolation
 A - a scroll of enchant armour
 N - 2 scrolls of amnesia
 Q - a scroll of fog
 R - 4 scrolls of fear
 U - a scroll of vulnerability {unknown}
Potions
 c - 7 potions of curing
 h - 3 potions of heal wounds {unknown}
 i - 3 potions of brilliance {unknown}
 j - a potion of berserk rage {unknown}
 k - a potion of agility
 t - 2 potions of invisibility {unknown}
 u - 2 potions of cancellation {unknown}
 v - 2 potions of lignification {unknown}
 z - a potion of resistance {unknown}
 E - a potion of ambrosia {unknown}
 J - a potion of haste {unknown}
 T - a potion of flight {unknown}
 Z - a potion of might {unknown}
Comestibles
 f - 21 rations


   Skills:
 + Level 7.3 Fighting
   Level 5.2(9.5) Axes
 + Level 10.6(11.1) Maces & Flails
 + Level 6.0(6.9) Polearms
 + Level 0.8 Throwing
 + Level 7.4 Armour
 + Level 3.8 Dodging
 + Level 2.0 Stealth
 + Level 2.4 Shields
 + Level 2.6 Spellcasting
 + Level 3.0 Translocations
 + Level 0.2 Invocations


You had 14 spell levels left.
You knew the following spells:

 Your Spells              Type           Power        Failure   Level  Hunger
a - Blink                 Tloc           N/A          19%         2    ##.....

Your spell library contained the following spells:

 Spells                   Type           Power        Failure   Level  Hunger
 Apportation              Tloc           ###...       12%         1    None
 Shroud of Golubria       Chrm/Tloc      ##........   34%         2    ##.....
 Gell's Gravitas          Tloc           ###.......   34%         3    ###....
 Lesser Beckoning         Tloc           ###.......   34%         3    ###....
 Teleport Other           Tloc           ###.....     34%         3    ###....
 Animate Skeleton         Necr           N/A          38%         1    None
 Confusing Touch          Hex            #.....       38%         1    None
 Infusion                 Chrm           #...         38%         1    None
 Summon Small Mammal      Summ           #...         38%         1    None
 Call Imp                 Summ           #.......     54%         2    ##.....
 Song of Slaying          Chrm           #.......     54%         2    ##.....
 Passage of Golubria      Tloc           N/A          75%         4    ####...
 Call Canine Familiar     Summ           #.......     77%         3    ###....
 Regeneration             Chrm/Necr      #.........   77%         3    ###....
 Spectral Weapon          Hex/Chrm       #.......     77%         3    ###....
 Summon Guardian Golem    Hex/Summ       #.......     77%         3    ###....
 Summon Ice Beast         Ice/Summ       #.......     99%         4    ####...
 Summon Lightning Spire   Summ/Air       #.......     99%         4    ####...


Dungeon Overview and Level Annotations

Branches:
Dungeon (11/15)            Temple (0/1) D:7            Lair (1/6) D:10
    Orc (0/2) D:11

Altars:
Ashenzari
Cheibriados
Hepliaklqana
Makhleb
Nemelex Xobeh
Okawaru
Ru
Vehumet
Zin
The Shining One

Shops:
D:4 [


Innate Abilities, Weirdness & Mutations

You have razor-sharp teeth.
You heal very quickly.
When hurt, damage is shared between your health and your magic reserves.
Your bite disrupts and absorbs the magic of your enemies.
Potions cannot restore your health.
You are immune to rotting.


Message History

The eight-headed hydra bites you but does no damage. x4
You block the eight-headed hydra's attack.
The flow of time bends around you.
The eight-headed hydra easily resists.
You feel slightly more hungry. The eight-headed hydra bites you! x3
* * * LOW HITPOINT WARNING * * *
You block the eight-headed hydra's attack.
The eight-headed hydra bites you.
* * * LOW HITPOINT WARNING * * *
The eight-headed hydra bites you but does no damage. x2
The eight-headed hydra misses you.
You are too injured to fight recklessly!
Unknown command.
The flow of time bends around you.
The eight-headed hydra resists with some effort.
You feel slightly more hungry.
You block the eight-headed hydra's attack.
The eight-headed hydra bites you.
* * * LOW HITPOINT WARNING * * *
The eight-headed hydra bites you!
You die...

*,,,*,>,,,,,**+******
*,*,,...,,..,*** ***
*########..#*...,,,****,,
*..........##.#,,,,,,,,,,
*....!.....P.+,*,,,,,*,,,
**.(.....(....#,,**,,,,,,,
*,...........#*,,,,,*,,,*,
**.......D..#**,,,*,,,,,,,
*.......@..###,,*,,,,*,,,
*..........P.#**,,,,,,,,,
*.......<....#*,,,,***,*,
*##..####.##.#*,,,** ****
##** *,.#,,+,*,,****
**?#***,,,,**,* *.#*
*,+**,,***** *.P*
**,,,,,**,*, *.P*
*,,,>,+,,,,


You could see an eight-headed hydra.

Vanquished Creatures
  A hydra (D:11)
  A centaur warrior (D:11)
  3 two-headed ogres
  A death knight (D:11)
  An ugly thing (D:9)
  A hornet (D:8)
  3 trolls
  A hippogriff (D:9)
  3 wraiths
  A wyvern (D:11)
  A vampire (D:11)
  A basilisk (D:11)
  5 wargs
  A sky beast (D:8)
  A hornet zombie (D:5)
  4 orc warriors (D:11)
  2 black bears
  3 ice beasts
  An eye of draining (D:10)
  3 ogres
  9 centaurs
  4 big kobolds
  7 bullfrogs
  3 gnoll sergeants (D:9)
  An elf skeleton (D:4)
  A wyvern skeleton (D:8)
  3 scorpions
  5 killer bees (D:11)
  A water moccasin skeleton (D:8)
  2 jellies
  19 wights
  3 howler monkeys
  A crimson imp (D:5)
  2 bullfrog zombies
  10 hounds
  A human zombie (D:4)
  5 centaur zombies
  5 orc priests
  3 bullfrog skeletons
  A gnoll shaman (D:10)
  2 centaur skeletons
  11 worker ants
  2 human skeletons (D:4)
  3 iguanas
  Natasha (thrice) (D:3)
  11 orc wizards
  2 hound skeletons
  20 gnolls
  A howler monkey skeleton (D:6)
  Robin (D:4)
  20 adders
  2 shadow imps
  2 oozes (D:3)
  2 adder zombies (Ossuary)
  5 dart slugs
  7 leopard geckos
  56 orcs
  6 giant cockroaches
  9 hobgoblins
  7 jackals
  27 kobolds
  6 quokkas
  2 ball pythons
  A ball python skeleton (Ossuary)
  9 bats
  2 frilled lizards
  9 goblins
  3 hobgoblin zombies
  A kobold zombie (Ossuary)
  4 orc skeletons
  3 orc zombies
  A quokka zombie (D:6)
  7 rats
371 creatures vanquished.

Vanquished Creatures (others)
  An ogre (D:9)
  A jelly (D:9)
  A worker ant (D:9)
  A mummy (D:8)
  An orc (D:11)
5 creatures vanquished.

Grand Total: 376 creatures vanquished

Notes
Turn   | Place    | Note
-------+----------+-------------------------------------------
     0 | D:1      | Kairos the Vine Stalker Warper began the quest for the Orb.
     0 | D:1      | Reached XP level 1. HP: 11/11 MP: 4/4
    67 | D:1      | Reached XP level 2. HP: 12/15 MP: 3/6
   535 | D:1      | Found a sparkling altar of Nemelex Xobeh.
   614 | D:1      | Reached XP level 3. HP: 17/18 MP: 7/7
  1067 | D:2      | Reached skill level 1 in Armour
  1072 | D:2      | Found a snail-covered altar of Cheibriados.
  1495 | D:2      | Became a worshipper of Cheibriados the Contemplative
  1837 | D:2      | Gained mutation: Your natural rate of healing is unusually
                  | fast. [Vine Stalker growth]
  1837 | D:2      | Reached XP level 4. HP: 19/23 MP: 9/9
  2210 | D:3      | Noticed Natasha
  2215 | D:3      | Killed Natasha
  2310 | D:3      | Reached XP level 5. HP: 23/26 MP: 7/10
  2390 | D:3      | Found a glowing golden altar of the Shining One.
  2394 | D:3      | Found a burning altar of Makhleb.
  2398 | D:3      | Found a shattered altar of Ashenzari.
  2466 | D:3      | Reached * piety under Cheibriados
  2670 | D:3      | Noticed Natasha
  2687 | D:3      | Killed Natasha
  2865 | D:3      | Noticed Natasha
  2877 | D:3      | Killed Natasha
  2877 | D:3      | Reached XP level 6. HP: 28/32 MP: 11/11
  2965 | D:4      | Found a sand-covered staircase.
  3048 | Ossuary  | Entered an ossuary
  3132 | Ossuary  | Reached XP level 7. HP: 30/36 MP: 9/12
  3239 | Ossuary  | Noticed a wraith
  3239 | Ossuary  | Noticed a flying skull
  3249 | Ossuary  | Noticed a flying skull
  3253 | Ossuary  | Noticed a flying skull
  3274 | Ossuary  | Noticed a flying skull
  3276 | Ossuary  | Noticed a flying skull
  3304 | Ossuary  | Noticed a wraith
  3309 | Ossuary  | Killed a wraith
  3328 | Ossuary  | Reached skill level 1 in Maces & Flails
  3340 | Ossuary  | Noticed a wraith
  3348 | Ossuary  | Killed a wraith
  3348 | Ossuary  | Reached skill level 5 in Axes
  3348 | Ossuary  | Reached skill level 2 in Maces & Flails
  3348 | Ossuary  | Reached skill level 1 in Stealth
  3348 | Ossuary  | Gained mutation: You have razor-sharp teeth. [Vine Stalker
                  | growth]
  3348 | Ossuary  | Reached XP level 8. HP: 39/42 MP: 11/13
  3474 | D:4      | Reached ** piety under Cheibriados
  3511 | D:4      | Found a sacrificial altar of Ru.
  3607 | D:4      | Found Feomes's Armour Shoppe.
  3714 | D:4      | Found a glowing silver altar of Zin.
  3715 | D:4      | Noticed Robin
  3737 | D:4      | Killed Robin
  4017 | D:5      | Entered Level 5 of the Dungeon
  4088 | D:5      | Reached *** piety under Cheibriados
  4160 | D:5      | Reached skill level 3 in Maces & Flails
  4297 | D:5      | Found a hazy altar of Hepliaklqana.
  4419 | D:5      | Reached skill level 4 in Maces & Flails
  4820 | D:6      | Reached XP level 9. HP: 46/46 MP: 14/14
  4821 | D:6      | Reached skill level 5 in Maces & Flails
  4881 | D:6      | Learned a level 2 spell: Blink
  4900 | D:6      | Reached **** piety under Cheibriados
  4915 | D:6      | Found an iron altar of Okawaru.
  5674 | D:6      | Found a radiant altar of Vehumet.
  5833 | D:7      | Reached skill level 5 in Fighting
  5858 | D:7      | Got a coiled pewter ring
  5860 | D:7      | Identified the ring of Dim Light {Ice rPois Str-4 Dex+2}
                  | (You found it on level 7 of the Dungeon)
  5893 | D:7      | Found a staircase to the Ecumenical Temple.
  5940 | D:7      | Reached skill level 6 in Maces & Flails
  6289 | D:8      | Reached ***** piety under Cheibriados
  6289 | D:8      | Reached skill level 5 in Armour
  6321 | D:8      | Noticed a hornet
  6328 | D:8      | Killed a hornet
  6373 | D:8      | Got a bloodstained chain mail
  6384 | D:8      | Identified the +4 chain mail of Tempters {rF++} (You found
                  | it on level 8 of the Dungeon)
  6537 | D:8      | Reached skill level 7 in Maces & Flails
  6553 | D:8      | Reached XP level 10. HP: 51/51 MP: 15/15
  6615 | D:8      | Got a dazzling trident
  6616 | D:8      | Identified the +3 trident of Raklyeth {distort, rC+ Str+3
                  | Dex+2} (You found it on level 8 of the Dungeon)
  6951 | D:9      | Reached skill level 1 in Polearms
  7162 | D:9      | Noticed a green ugly thing
  7246 | D:9      | Noticed a two-headed ogre
  7252 | D:9      | Killed a two-headed ogre
  7556 | D:9      | Killed a green ugly thing
  7556 | D:9      | Reached skill level 5 in Polearms
  7849 | D:10     | Entered Level 10 of the Dungeon
  7859 | D:10     | Noticed a two-headed ogre
  7869 | D:10     | Killed a two-headed ogre
  7869 | D:10     | Reached XP level 11. HP: 31/56 MP: 16/16
  8064 | D:10     | Found a staircase to the Lair.
  8087 | D:10     | Reached skill level 8 in Maces & Flails
  8089 | D:10     | Reached ****** piety under Cheibriados
  8295 | D:10     | Found Qiopiol's Distillery.
  8665 | D:11     | Noticed a death knight
  8669 | D:11     | Killed a death knight
  8669 | D:11     | Reached skill level 1 in Shields
  8782 | D:11     | Reached skill level 9 in Maces & Flails
  8934 | D:11     | Found a staircase to the Orcish Mines.
  9202 | D:11     | Noticed a five-headed hydra
  9210 | D:11     | Killed a five-headed hydra
  9210 | D:11     | Reached skill level 10 in Maces & Flails
  9263 | D:11     | Noticed a centaur warrior
  9275 | D:11     | Killed a centaur warrior
  9275 | D:11     | Gained mutation: You heal very quickly. [Vine Stalker
                  | growth]
  9275 | D:11     | Reached XP level 12. HP: 19/63 MP: 12/17
  9460 | D:11     | Noticed a two-headed ogre
  9464 | D:11     | Killed a two-headed ogre
  9768 | Lair:1   | Entered Level 1 of the Lair of Beasts
  9768 | Lair:1   | Noticed an eight-headed hydra
  9773 | Lair:1   | Slain by an eight-headed hydra

Skill      XL: |  1  2  3  4  5  6  7  8  9 10 11 |
---------------+----------------------------------+-----
Axes           | 2 3 4 5 |  5.2
Dodging        | 2 3 |  3.8
Armour         | 1 2 3 4 5 6 7 |  7.4
Fighting       | 2 3 4 5 6 7 |  7.3
Maces & Flails | 2 4 7 10 | 10.6
Stealth        | 1 2 |  2.0
Polearms       | 5 6 |  6.0
Shields        | 2 |  2.4
Throwing       | |  0.8
Spellcasting   | |  2.6
Translocations | |  3.0
Invocations    | |  0.2

Action                   |  1- 3 |  4- 6 |  7- 9 | 10-12 || total
-------------------------+-------+-------+-------+-------++-------
Melee: Hand axe          |   133 |   215 |    12 |       ||   360
       Bite              |    25 |    60 |   113 |   170 ||   368
       Morningstar       |       |       |   261 |   254 ||   515
       Trident           |       |       |       |   148 ||   148
Invok: Bend Time         |       |       |     1 |     2 ||     3
Evoke: Wand              |       |       |       |     1 ||     1
  Use: Potion            |       |       |     1 |     2 ||     3
       Scroll            |       |       |     3 |    10 ||    13
  Eat: Ration            |     2 |       |     2 |       ||     4
       Chunk             |       |       |       |     6 ||     6
Armor: Leather armour    |    16 |       |       |       ||    16
       Chain mail        |    75 |   121 |   172 |   224 ||   592
Dodge: Dodged            |    84 |    77 |   189 |   363 ||   713
Block: Buckler           |       |       |       |    92 ||    92
